[Event "GCT Superbet Blitz Poland 2025"]
[Site "Warsaw"]
[Date "2025.04.30"]
[Round "14"]
[White "Praggnanandhaa R"]
[Black "Fedoseev, Vladimir"]
[Result "0-1"]
[ECO "A06"]
[WhiteElo "2758"]
[BlackElo "2739"]
[Annotator "ChessBase"]
[PlyCount "53"]
[EventDate "2025.??.??"]
[EventType "blitz"]
[TimeControl "300+2"]

1. b3 d5 2. Bb2 c5 3. e3 Nf6 4. Nf3 g6 5. Bb5+ Bd7 6. Be2 ({RR} 6. Bxf6 exf6 7. Bxd7+ Qxd7 8. c3 Nc6 9. d4 cxd4 10. cxd4 Bb4+ 11. Nfd2 Rc8 12. O-O O-O 13. a3 Bd6 14. Nc3 Ne7 15. Ne2 Rc6 16. b4 Rfc8 17. Rc1 Rxc1 18. Nxc1 Qc7 19. g3 Qc2 20. Ncb3 Qd3 {Carlsen,M (2831)-Keymer,V (2733) Oslo NOR 2024 1-0 (65)}) ({RR} 6. Bxf6 exf6 7. Bxd7+ Qxd7 8. d4 Nc6 9. O-O cxd4 10. Nxd4 f5 11. Nc3 Bg7 12. Nce2 O-O 13. Qd2 Rfd8 14. Rad1 Nxd4 15. Nxd4 Rac8 16. Qe2 Qc7 17. g3 Bxd4 18. Rxd4 Qxc2 19. Rd2 Qe4 20. Rfd1 Rc5 {Makarian,R (2547)-Samunenkov,I (2541) chess.com INT 2025 ½-½ (73)}) 6... Bg7 7. c4 dxc4 $146 ({RR} 7... O-O 8. O-O e6 9. Nc3 Nc6 10. Rc1 d4 11. exd4 cxd4 12. Nb5 e5 13. d3 Nh5 14. g3 Bh3 15. Re1 a6 16. Na3 f5 17. c5 f4 18. Nh4 fxg3 19. hxg3 Nf4 20. Bf3 Nb4 21. Be4 Nxa2 22. Rc4 {Melian,J (1950)-Nguyen,D (2294) Chess.com INT 2020 0-1}) ({RR} 7... O-O 8. O-O e6 9. Nc3 Nc6 10. Rc1 d4 11. exd4 cxd4 12. Nb5 e5 13. d3 Nh5 14. g3 Bh3 15. Re1 a6 16. Na3 f5 17. c5 f4 18. Nh4 fxg3 19. hxg3 Nf4 20. Bf3 Nb4 21. Be4 Nxa2 22. Rc4 {Melian,J (1950)-Nguyen,D (2294) Chess.com INT 2020 0-1}) ({RR} 7... O-O 8. cxd5 Nxd5 9. Bxg7 Kxg7 10. O-O Nc6 11. Nc3 Nxc3 12. dxc3 Bf5 13. Qc1 Qc7 14. Nh4 Be6 15. Nf3 Rfd8 16. Rd1 f6 17. h3 b6 18. Bb5 Ne5 19. Be2 Bd5 20. Qc2 Nxf3+ 21. Bxf3 Bxf3 22. gxf3 {Alvarado,C (2044)-Bukreev,S (2384) chess.com INT 2024 0-1 (48)}) 8. bxc4 O-O 9. O-O Nc6 10. d3 a6 11. Nc3 Bg4 12. h3 Bf5 13. Nd5 Nxd5 14. cxd5 Bxb2 15. Rb1 Qxd5 16. Rxb2 Qd7 17. Qc2 Qd6 18. Rc1 Rfc8 19. e4 Be6 20. Rxb7 Nb4 21. Qd2 Nxa2 22. Qh6 Bd5 23. Ng5 Qf6 24. Qxh7+ Kf8 25. exd5 Nxc1 26. Bg4 Rcb8 27. Be6 0-1

[Event "GCT Superbet Blitz Poland 2025"]
[Site "Warsaw"]
[Date "2025.04.30"]
[Round "14"]
[White "Aravindh, Chithambaram VR."]
[Black "Aronian, Levon"]
[Result "0-1"]
[ECO "A05"]
[WhiteElo "2749"]
[BlackElo "2747"]
[Annotator "ChessBase"]
[PlyCount "80"]
[EventDate "2025.??.??"]
[EventType "blitz"]
[TimeControl "300+2"]

1. Nf3 Nf6 2. b3 b6 3. g3 g6 4. Bg2 Bb7 5. Bb2 Bg7 6. O-O O-O 7. d4 c5 ({RR} 7... d5 8. Nbd2 Nbd7 9. Ne5 Ne4 10. Nxe4 Nxe5 11. dxe5 dxe4 12. c4 c5 13. Qc2 e6 14. Rad1 Qc7 15. Bxe4 Rfd8 16. Bxb7 Qxb7 17. Rd2 Rxd2 18. Qxd2 Qe4 19. f3 Qf5 20. e4 Qh5 21. f4 Qh3) 8. e3 ({RR} 8. dxc5 bxc5 9. c4 d6 10. Nc3 Nbd7 11. Qc2 Rb8 12. Rad1 Ne4 13. Nxe4 Bxe4 14. Qxe4 Bxb2 15. Ne1 Bg7 16. Qc2 Ne5 17. Nd3 Nxd3 18. Rxd3 a5 19. h4 a4 20. h5 Qd7 21. Bd5 Qf5) 8... cxd4 ({RR} 8... Na6 9. c4 d5 10. Ne5 e6 11. Nc3 Qe7 12. dxc5 bxc5 13. Qe2 Rfd8 14. Rfd1 Rac8 15. Rac1 Nb4 16. a3 Nc6 17. Nxc6 Bxc6 18. cxd5 exd5 19. Na2 d4 20. Bxc6 Rxc6 21. Bxd4 Rcd6 22. Bxf6 Rxd1+ 23. Rxd1) ({RR} 8... Qc7 9. Na3 d6 10. c4 a6 11. Rc1 e6 12. Nc2 Nbd7 13. Qe2 Rfd8 14. Rfd1 Be4 15. Nd2 Bxg2 16. Kxg2 Qb7+ 17. Qf3 Qxf3+ 18. Nxf3 Ne8 19. e4 b5) 9. exd4 d5 10. Re1 Nc6 11. Nbd2 Rc8 $146 ({RR} 11... e6 12. a4 Re8 13. Ne5 Rc8 14. Ndf3 a5 15. Nxc6 Rxc6 16. Bf1 Rc8 17. Bc1 Ne4 18. Bf4 g5 19. Be3 f5 20. Ne5 Rf8 21. f3 f4 22. Bc1 Qc7 23. Ba3 fxg3 24. fxe4 gxh2+ 25. Kh1 Rf2 26. Qg4 {Gukesh,D (2764)-Praggnanandhaa,R (2747) Warsaw POL 2024 1-0 (41)}) ({RR} 11... e6 12. a4 Re8 13. Ne5 Rc8 14. Ndf3 a5 15. Nxc6 Rxc6 16. Bf1 Rc8 17. Bc1 Ne4 18. Bf4 g5 19. Be3 f5 20. Ne5 Rf8 21. f3 f4 22. Bc1 Qc7 23. Ba3 fxg3 24. fxe4 gxh2+ 25. Kh1 Rf2 26. Qg4 {Gukesh D (2649)-Praggnanandhaa R (2704) Warsaw, Poland 2024 1-0 (41)}) ({RR} 11... e6 12. a4 Re8 13. Ne5 Rc8 14. Ndf3 a5 15. Nxc6 Rxc6 16. Bf1 Rc8 17. Bc1 Ne4 18. Bf4 g5 19. Be3 f5 20. Ne5 Rf8 21. f3 f4 22. Bc1 Qc7 23. Ba3 fxg3 24. fxe4 gxh2+ 25. Kh1 Rf2 26. Qg4 {Gukesh,D (2764)-Praggnanandhaa,R (2747) Warsaw POL 2024 1-0 (41)}) 12. a3 e6 13. Rc1 Ne7 14. Ne5 Nf5 15. c4 Nd7 16. cxd5 Rxc1 17. Qxc1 Nxe5 18. dxe5 Bxd5 19. Ne4 Bxb3 20. Nf6+ Kh8 21. g4 Nh4 22. Be4 h6 23. Re3 Qd1+ 24. Qxd1 Bxd1 25. f3 Rc8 26. Kf2 Bc2 27. Re2 Bxe4 28. Nxe4 g5 29. Nd6 Rc7 30. Ne8 Rc5 31. Nf6 Ng6 32. Rd2 Bxf6 33. exf6 Nf4 34. Ke3 Nd5+ 35. Ke4 Kh7 36. Re2 Kg6 37. h4 Nc3+ 38. Bxc3 Rxc3 39. hxg5 hxg5 40. Rd2 Kxf6 0-1

[Event "GCT Superbet Blitz Poland 2025"]
[Site "Warsaw"]
[Date "2025.04.30"]
[Round "14"]
[White "Topalov, Veselin"]
[Black "Duda, Jan-Krzysztof"]
[Result "1-0"]
[ECO "C65"]
[WhiteElo "2717"]
[BlackElo "2739"]
[Annotator "ChessBase"]
[PlyCount "75"]
[EventDate "2025.??.??"]
[EventType "blitz"]
[TimeControl "300+2"]

1. e4 e5 2. Nf3 Nc6 3. Bb5 Nf6 4. d3 Bc5 5. Nbd2 d6 6. O-O O-O 7. c3 Bb6 8. Nc4 Ne7 9. a4 $146 ({RR} 9. Bg5 Ng6 10. Nh4 h6 11. Nxg6 fxg6 12. Nxb6 axb6 13. Bc4+ Kh7 14. Bd2 Nh5 15. d4 Qe7 16. dxe5 dxe5 17. Bb3 Nf4 18. Bxf4 exf4 19. f3 Ra5 20. Qd4 Rh5 21. Qf2 Rg5 22. Kh1 Re5 23. Rad1 g5 {Wang,Z (2492)-Ni,H (2667) Hefei 2010 ½-½ (57)}) ({RR} 9. Nxb6 axb6 10. Ba4 Ng6 11. h3 Nh5 12. Bg5 f6 13. Be3 Nhf4 14. Bb3+ Kh8 15. Bxf4 Nxf4 16. Nh4 f5 17. Nxf5 Qg5 18. Qg4 Qf6 19. Qh4 Qxh4 20. Nxh4 Nxd3 21. Nf3 Rf6 22. Rad1 Nxb2 23. Rd2 Na4 {Anand,V (2817)-Carlsen,M (2823) Moscow 2011 ½-½}) ({RR} 9. Ba4 Ng6 10. h3 Be6 11. Nxb6 axb6 12. Bc2 c5 13. a3 d5 14. exd5 Bxd5 15. Be3 Re8 16. b4 Qc7 17. Nd2 Rad8 18. c4 Bc6 19. b5 Bd7 20. Bg5 h6 21. Bxf6 gxf6 22. Ne4 Kg7 23. Ng3 f5 {Subelj,J (2498)-Lazavik,D (2578) Tashkent UZB 2024 ½-½ (47)}) ({RR} 9. Ba4 Ng6 10. Bc2 Re8 11. h3 c6 12. Nxb6 axb6 13. Re1 h6 14. d4 b5 15. a4 bxa4 16. Rxa4 Rxa4 17. Bxa4 exd4 18. Qxd4 c5 19. Qd3 Bd7 20. Bb3 Qb6 21. Bc2 Qc7 22. Re3 Bc6 23. Qe2 Ra8 {Polgar,J (2707)-Avrukh,B (2645) Biel 2007 ½-½ (35)}) 9... c6 10. Nxb6 axb6 11. Bc4 Ng6 12. Be3 d5 13. exd5 cxd5 14. Bb3 h6 15. h3 Re8 16. Re1 Qd6 17. d4 e4 18. Ne5 Be6 19. f4 exf3 20. Qxf3 Ne4 21. Bc2 Nxe5 22. dxe5 Qxe5 23. Bxb6 Bd7 24. Bd4 Qe6 25. b4 Qg6 26. b5 Ng5 27. Qxd5 Nxh3+ 28. Kh2 Qxc2 29. Qxd7 Rxe1 30. Rxe1 Nf4 31. Qxb7 Rxa4 32. b6 Ra2 33. Re8+ Kh7 34. Qe4+ Qxe4 35. Rxe4 Nd5 36. c4 Nb4 37. b7 Nc6 38. Re8 1-0

[Event "GCT Superbet Blitz Poland 2025"]
[Site "Warsaw"]
[Date "2025.04.30"]
[Round "14"]
[White "Deac, Bogdan-Daniel"]
[Black "Firouzja, Alireza"]
[Result "1-0"]
[ECO "A33"]
[WhiteElo "2668"]
[BlackElo "2757"]
[Annotator "ChessBase"]
[PlyCount "47"]
[EventDate "2025.??.??"]
[EventType "blitz"]
[TimeControl "300+2"]

1. d4 e6 2. Nf3 c5 3. c4 cxd4 4. Nxd4 Nf6 5. Nc3 Nc6 6. Bf4 d6 7. Nxc6 bxc6 8. g3 ({RR} 8. e4 e5 9. Bd2 Be7 10. Be2 O-O 11. O-O a5 12. Qc2 Be6 13. Rfd1 Qc7 14. Na4 Nd7 15. Be3 Rab8 16. Bf3 h6 17. h3 Rfd8 18. b3 Nf8 19. Rd2 Ng6 20. Rad1 Nh4 21. Bg4 Rf8 22. Bxe6 fxe6 {Krivonosov,O (2344)-Laurusas,T (2587) Lithuania LTU 2024 0-1 (58)}) 8... Be7 9. Bg2 d5 10. cxd5 $146 ({RR} 10. Qa4 Bd7 11. O-O O-O 12. Qc2 Qa5 13. Rfd1 Rfc8 14. Rac1 Be8 15. Qd2 Qa6 16. e4 dxc4 17. Qe2 Nd7 18. Bd6 Bxd6 19. Rxd6 Ne5 20. Rcd1 Rab8 21. R6d2 Qa5 22. Bf1 Nd3 23. Rc2 c5 24. Rb1 Rd8 {Lalith,B (2565)-Ortiz Suarez,I (2603) Tromsoe 2014 0-1 (48)}) ({RR} 10. O-O O-O 11. Qa4 Qb6 12. Rac1 Qxb2 13. Qxc6 Bd7 14. Qa6 Rac8 15. Be5 Qb6 16. Qxb6 axb6 17. cxd5 exd5 18. Bxf6 Bxf6 19. Nxd5 Bd8 20. Rxc8 Bxc8 21. Rb1 Be6 22. a4 Bxd5 23. Bxd5 Bc7 24. Rc1 Bd6 {Gustafsson,J (2645)-Edouard,R (2641) chess24.com INT 2020 0-1 (56)}) ({RR} 10. O-O O-O 11. Qc2 Ba6 12. b3 Bd6 13. Bc1 Rc8 14. Rd1 Qe7 15. Bb2 Rfd8 16. Rab1 Be5 17. Re1 Nd7 18. Na4 Bd6 19. Red1 Bb4 20. Qc1 Nf6 21. Qf4 Bd6 22. Qh4 e5 23. e3 Rb8 24. Bf1 Bc8 {Lalith,B (2553)-Gulamali,K (2379) Caleta 2016 1-0 (40)}) 10... cxd5 11. e4 O-O 12. exd5 Nxd5 13. O-O Nxc3 14. bxc3 Ba6 15. Re1 Qa5 16. Re5 Qxc3 17. Bxa8 Rxa8 18. Rc1 Qa3 19. Qb3 h6 20. Qxa3 Bxa3 21. Rb1 Bc4 22. Ra5 Bf8 23. Ra4 Bd3 24. Rb8 1-0

[Event "GCT Superbet Blitz Poland 2025"]
[Site "Warsaw"]
[Date "2025.04.30"]
[Round "14"]
[White "Gavrilescu, David"]
[Black "Vachier-Lagrave, Maxime"]
[Result "0-1"]
[ECO "B30"]
[WhiteElo "2554"]
[BlackElo "2722"]
[Annotator "ChessBase"]
[PlyCount "110"]
[EventDate "2025.??.??"]
[EventType "blitz"]
[TimeControl "300+2"]

1. e4 c5 2. Nf3 Nc6 3. Bb5 e6 4. c3 Nge7 5. d4 cxd4 6. cxd4 d5 7. e5 Bd7 8. Nc3 Nf5 9. O-O Be7 10. Bd3 Nh4 11. Nxh4 Bxh4 12. Qg4 Kf8 13. Be3 h5 14. Qf3 $146 ({RR} 14. Qe2 g6 15. Qd2 Rc8 16. Rfc1 Kg7 17. Ne2 Be7 18. a3 a5 19. Rc2 Qb6 20. Rac1 a4 21. Bg5 Qd8 22. h4 Bxg5 23. hxg5 Qe7 24. Qf4 Ra8 25. Nc3 h4 26. Nb5 Rh5 27. Qf6+ Qxf6 28. gxf6+ Kf8 {Xiong,J (2636)-Vachier Lagrave,M (2725) chess.com INT 2025 1-0 (59)}) 14... Kg8 15. Nb5 Be7 16. Qg3 Nb4 17. Be2 Bxb5 18. Bxb5 Qb6 19. Ba4 g6 20. Rac1 Nxa2 21. Rcd1 Nb4 22. Bg5 Bxg5 23. Qxg5 Qd8 24. Qg3 Kg7 25. f4 h4 26. Qg4 Rh5 27. Rd2 Rc8 28. Qh3 Qb6 29. Bd1 Rhh8 30. Qe3 Nc6 31. Kh1 Ne7 32. Bc2 Rc4 33. b3 Rc7 34. Rdf2 Rhc8 35. f5 exf5 36. Bb1 Rh8 37. Re1 Qe6 38. Ref1 Rh5 39. h3 Qc8 40. Bd3 a6 41. Be2 Rh8 42. Qg5 Qe6 43. Bd3 Rh5 44. Qd2 Nc6 45. Be2 Rh8 46. b4 Qe7 47. b5 axb5 48. Bxb5 Nd8 49. Ba4 Ne6 50. Bb3 Rd8 51. Rf3 Qg5 52. Qa5 Rcc8 53. Qb4 Rc1 54. Qxb7 Nf4 55. R3f2 Rxf1+ 0-1

[Event "GCT Superbet Blitz Poland 2025"]
[Site "Warsaw"]
[Date "2025.04.30"]
[Round "15"]
[White "Firouzja, Alireza"]
[Black "Aronian, Levon"]
[Result "1-0"]
[ECO "C02"]
[WhiteElo "2757"]
[BlackElo "2747"]
[Annotator "ChessBase"]
[PlyCount "77"]
[EventDate "2025.??.??"]
[EventType "blitz"]
[TimeControl "300+2"]

1. e4 e6 2. d4 d5 3. e5 c5 4. c3 Nc6 5. Nf3 Qb6 6. a3 Nh6 7. Bd3 cxd4 8. O-O Nf5 9. b4 a6 ({RR} 9... Be7 10. Bb2 Bd7 11. cxd4 h5 12. Bxf5 exf5 13. Nc3 Be6 14. Qd3 a6 15. Bc1 Rc8 16. h4 Na7 17. Bg5 Bxg5 18. Nxg5 Nb5 19. Ne2 Rc4 20. Rfd1 Qc6 21. Qg3 Nc3 22. Nf4 Nxd1 23. Ngxe6 Rc1 24. Nxg7+ {Firouzja,A (2757)-Goltsev,D (2226) chess.com INT 2025 1-0 (31)}) 10. Re1 ({RR} 10. Bb2 h5 11. cxd4 Be7 12. Bxf5 exf5 13. Nc3 Be6 14. Na4 Qa7 15. h4 b6 16. Rc1 Rc8 17. Qd2 Bd8 18. Rc2 Qd7 19. Rfc1 Na7 20. Rxc8 Nxc8 21. Nc3 b5 22. Qf4 Nb6 23. Ne2 Nc4 24. Rc2 Be7 {Domin,Y (2270)-Goltsev,D (2226) chess.com INT 2025 0-1 (119)}) 10... Be7 11. Ra2 dxc3 $146 ({RR} 11... Bd7 12. Bxf5 exf5 13. cxd4 Be6 14. Nc3 O-O 15. Na4 Qa7 16. Nc5 Bxc5 17. dxc5 Rad8 18. Nd4 Nxd4 19. Qxd4 Rc8 20. Rc2 h6 21. Rc3 Rc6 22. Rg3 Kh7 23. Qh4 Qb8 24. Rxg7+ Kxg7 25. Bxh6+ Kg8 26. Qg5+ {Grischuk,A (2775)-Levitsky,A (2329) Chess.com INT 2021 1-0}) ({RR} 11... Bd7 12. Bxf5 exf5 13. cxd4 Be6 14. Nc3 O-O 15. Na4 Qa7 16. Nc5 Bxc5 17. dxc5 Rad8 18. Nd4 Nxd4 19. Qxd4 Rc8 20. Rc2 h6 21. Rc3 Rc6 22. Rg3 Kh7 23. Qh4 Qb8 24. Rxg7+ Kxg7 25. Bxh6+ Kg8 26. Qg5+ {Grischuk,A (2775)-Levitsky,A (2329) Chess.com INT 2021 1-0}) 12. Bxf5 exf5 13. Nxc3 d4 14. Nd5 Qd8 15. Nf6+ Kf8 16. Nh5 Be6 17. Rd2 Qc7 18. Nxd4 Nxd4 19. Rxd4 Rc8 20. h4 h6 21. Be3 Rd8 22. Nf4 Rxd4 23. Qxd4 Qd7 24. Qb6 g5 25. Nh5 Qc6 26. Qa7 Kg8 27. Rc1 Qe4 28. Bc5 Qxh4 29. Bxe7 Qxh5 30. Bf6 Kh7 31. Bxh8 Kxh8 32. Qxb7 f4 33. Qe4 Kg7 34. a4 Qg4 35. b5 axb5 36. axb5 Bc8 37. b6 Qd7 38. e6 Qd2 39. Qc2 1-0

[Event "GCT Superbet Blitz Poland 2025"]
[Site "Warsaw"]
[Date "2025.04.30"]
[Round "15"]
[White "Duda, Jan-Krzysztof"]
[Black "Praggnanandhaa R"]
[Result "0-1"]
[ECO "A48"]
[WhiteElo "2739"]
[BlackElo "2758"]
[Annotator "ChessBase"]
[PlyCount "82"]
[EventDate "2025.??.??"]
[EventType "blitz"]
[TimeControl "300+2"]

1. d4 Nf6 2. Nf3 b6 3. Bf4 Bb7 4. e3 g6 5. h3 Bg7 6. Be2 d6 7. O-O O-O 8. Bh2 Nbd7 9. a4 a6 10. Nbd2 Re8 ({RR} 10... Ne4 11. Nxe4 Bxe4 12. Nd2 Bb7 13. c3 Nf6 14. Bd3 Qc8 15. Qe2 Re8 16. f4 c5 17. f5 cxd4 18. exd4 Qc6 19. Rf2 Bh6 20. Bf4 g5 21. Be3 Kh8 22. Bc4 Rf8 23. h4 Rg8 24. Bxf7 Rg7 25. Be6 {Duda,J (2724)-Shevchenko,K (2684) Warsaw POL 2023 1-0 (40)}) 11. c3 e5 12. Qb3 Rb8 $146 ({RR} 12... e4 13. Ne1 a5 14. Nc2 Qe7 15. Na3 h5 16. Nb5 Nf8 17. Nc4 Bd5 18. Qa3 Bxc4 19. Bxc4 d5 20. Be2 Ne6 21. c4 c6 22. Nd6 Red8 23. Nxe4 Qe8 24. Nxf6+ Bxf6 25. cxd5 Rxd5 26. Bf3 Rf5 27. Be4 {Howell,D (2670)-Bronstein,O (2465) chess.com INT 2023 1-0 (52)}) ({RR} 12... e4 13. Ne1 a5 14. Nc2 Qe7 15. Na3 h5 16. Nb5 Nf8 17. Nc4 Bd5 18. Qa3 Bxc4 19. Bxc4 d5 20. Be2 Ne6 21. c4 c6 22. Nd6 Red8 23. Nxe4 Qe8 24. Nxf6+ Bxf6 25. cxd5 Rxd5 26. Bf3 Rf5 27. Be4 {Howell,D (2670)-Bronstein,O (2465) chess.com INT 2023 1-0 (52)}) 13. Rfd1 Qe7 14. Rac1 a5 15. Qa3 e4 16. Ne1 h5 17. b4 Ra8 18. b5 g5 19. c4 Qe6 20. Nb3 Bf8 21. Qb2 h4 22. c5 Bd5 23. c6 Bxb3 24. cxd7 Red8 25. d5 Bxd5 26. Rxc7 Rxd7 27. Rc3 g4 28. hxg4 Bg7 29. Qd2 Bb7 30. g5 Ng4 31. Bf4 Bxc3 32. Qxc3 Rc8 33. Qd4 Rc5 34. Qb2 Ne5 35. Qa1 h3 36. Kh2 Nd3 37. Nxd3 exd3 38. Bf3 hxg2 39. Bxb7 Rxb7 40. Rxd3 f6 41. Rxd6 Rh7+ 0-1

[Event "GCT Superbet Blitz Poland 2025"]
[Site "Warsaw"]
[Date "2025.04.30"]
[Round "15"]
[White "Fedoseev, Vladimir"]
[Black "Gavrilescu, David"]
[Result "1-0"]
[ECO "D00"]
[WhiteElo "2739"]
[BlackElo "2554"]
[Annotator "ChessBase"]
[PlyCount "143"]
[EventDate "2025.??.??"]
[EventType "blitz"]
[TimeControl "300+2"]

1. d4 d5 2. Bg5 c5 3. e3 Nc6 4. c3 cxd4 ({RR} 4... Bf5 5. Nd2 f6 6. Bh4 e6 7. Ngf3 g5 8. Bg3 h5 9. h3 h4 10. Bh2 c4 11. Be2 b5 12. O-O Bd6 13. b3 Rc8 14. a4 a6 15. axb5 axb5 16. bxc4 bxc4 17. Bxd6 Qxd6 18. e4 Bg6 19. Re1 {Piorun,K (2611)-Riazantsev,A (2639) Moscow 2019 1-0 (34)}) 5. exd4 Bf5 6. Nd2 $146 ({RR} 6. Bd3 Bxd3 7. Qxd3 Qb6 8. Bc1 Nf6 9. Nf3 e6 10. O-O Bd6 11. a4 O-O 12. b4 a5 13. b5 Ne7 14. Be3 Nf5 15. Nbd2 Rac8 16. Rfc1 Qc7 17. Rc2 Ng4 18. h3 Bh2+ 19. Kf1 Ngxe3+ 20. fxe3 Ng3+ {Jocev,M (2246)-Kopylov,D (2369) chess.com INT 2024 1-0 (58)}) ({RR} 6. Bd3 Bxd3 7. Qxd3 Nf6 8. Bxf6 gxf6 9. Nf3 e6 10. Nbd2 Bd6 11. O-O-O Qa5 12. Kb1 O-O-O 13. Rc1 h5 14. g3 Kb8 15. Rhe1 Rc8 16. Nb3 Qa4 17. Qd1 Na5 18. Nxa5 Qxa5 19. h4 Rc6 20. Re2 Ra6 {Tristan,L (2531)-Viskelis,D (2154) chess.com INT 2025 1-0 (32)}) ({RR} 6. Qb3 Qd7 7. Nf3 e6 8. Nbd2 f6 9. Bf4 g5 10. Be3 h5 11. h4 g4 12. Ng1 Nh6 13. Ne2 Bd3 14. Nf4 Bxf1 15. Nxf1 Nf5 16. Ng3 Nxe3 17. fxe3 Qf7 18. Rf1 Bd6 19. e4 dxe4 20. Nxe4 O-O-O {Tymrakiewicz,R (2135)-Kuchava,A (2101) chess.com INT 2024 1-0}) 6... Qc7 7. Ngf3 h6 8. Bh4 e6 9. Bb5 Bd6 10. O-O Nge7 11. Re1 O-O 12. Qe2 a6 13. Bd3 Bxd3 14. Qxd3 Ng6 15. Bg3 Bxg3 16. hxg3 Rad8 17. a4 Rfe8 18. Nb3 e5 19. dxe5 Ngxe5 20. Nxe5 Nxe5 21. Qe2 Qc4 22. Nd4 Qc8 23. Qh5 Nd3 24. Re2 Re4 25. Rd1 Nc5 26. a5 Rde8 27. Rxe4 dxe4 28. Nf5 g6 29. Nxh6+ Kg7 30. Qg5 Nd3 31. Ng4 Qe6 32. f3 Rh8 33. fxe4 Qxe4 34. Qf6+ Kg8 35. Qd8+ Kg7 36. Qxd3 Qxg4 37. Qd4+ Qxd4+ 38. Rxd4 Rh5 39. b4 Rh8 40. Rc4 Rb8 41. Kf2 Kf6 42. Ke3 Ke6 43. Rc7 f6 44. Kd4 Kd6 45. Rf7 Ke6 46. Rg7 g5 47. g4 Kd6 48. c4 Rd8 49. b5 axb5 50. cxb5 Ra8 51. Rxb7 Rxa5 52. Rb6+ Kc7 53. Rc6+ Kb7 54. Rxf6 Ra2 55. Rf5 Ra4+ 56. Kc5 Rxg4 57. Rf7+ Kc8 58. Rf2 Kb7 59. Re2 Rg3 60. Rb2 Rd3 61. Kc4 Rd1 62. Re2 Rc1+ 63. Kd4 Kb6 64. Ke5 Kxb5 65. Kf5 Rc5+ 66. Re5 Rxe5+ 67. Kxe5 Kc6 68. Kf5 Kd7 69. Kxg5 Ke7 70. Kg6 Kf8 71. g4 Kg8 72. g5 1-0

[Event "GCT Superbet Blitz Poland 2025"]
[Site "Warsaw"]
[Date "2025.04.30"]
[Round "15"]
[White "Vachier-Lagrave, Maxime"]
[Black "Deac, Bogdan-Daniel"]
[Result "1-0"]
[ECO "C82"]
[WhiteElo "2722"]
[BlackElo "2668"]
[Annotator "ChessBase"]
[PlyCount "115"]
[EventDate "2025.??.??"]
[EventType "blitz"]
[TimeControl "300+2"]

1. e4 e5 2. Nf3 Nc6 3. Bb5 a6 4. Ba4 Nf6 5. O-O Nxe4 6. d4 b5 7. Bb3 d5 8. dxe5 Be6 9. c3 Bc5 10. Nbd2 O-O 11. Bc2 Nxf2 12. Rxf2 Bxf2+ 13. Kxf2 f6 14. Kg1 fxe5 15. Nf1 Bg4 ({RR} 15... Qd6 16. Be3 Bf5 17. Bb3 Rad8 18. Qe1 Na5 19. Qf2 Nb7 20. Re1 c5 21. Ng3 Bd3 22. Qd2 c4 23. Bd1 Rd7 24. Bf2 Rdf7 25. Nh1 e4 26. Nd4 Qg6 27. h4 Nc5 28. h5 Qd6 29. Bg4 h6 30. Qe3 {Nakamura,H (2760)-Caruana,F (2783) Madrid 2022 1-0 (74)}) ({RR} 15... Qd6 16. Be3 Rad8 17. Qe1 Bf5 18. Bxf5 Rxf5 19. Ng3 Rff8 20. Rd1 Qg6 21. Qe2 e4 22. Nh4 Qe6 23. Qh5 g6 24. Qg5 Qe7 25. Qg4 Ne5 26. Nhf5 Nxg4 27. Nxe7+ Kf7 28. Bc5 Rfe8 29. Rf1+ Nf6 30. Bd4 {Jin,H (2240)-Zhou,Y (2037) Senta SRB 2025 1-0 (50)}) 16. Ne3 ({RR} 16. Bb3 Bxf3 17. gxf3 Ne7 18. Bg5 c6 19. Bc2 Qd6 20. Ng3 Ng6 21. Qd3 Rf7 22. Rf1 Raf8 23. h4 e4 24. Nxe4 Qe5 25. Bb3 h6 26. Rf2 hxg5 27. Nxg5 Qe1+ 28. Qf1 Qxf1+ 29. Kxf1 {0-1 (29) Bacrot,E (2677)-Deac,B (2683) chess.com INT 2024}) 16... Be6 17. b4 a5 $146 ({RR} 17... h6 18. Bb2 Qe8 19. a4 Rd8 20. axb5 axb5 21. Qe2 e4 22. Nd4 Nxd4 23. cxd4 c6 24. Bc3 Ra8 25. Rc1 Ra2 26. h3 Qg6 27. Kh2 Qg5 28. Qe1 Bxh3 29. gxh3 Rf3 30. Bd2 Qf4+ 31. Kg2 Ra3 32. Nf1 {Vokhidov,S (2681)-Peng,L (2516) chess.com INT 2024 0-1 (39)}) ({RR} 17... h6 18. a4 Qd6 19. Bb2 Ne7 20. Qe1 e4 21. Nd4 Bd7 22. a5 Ng6 23. Nxd5 Rae8 24. Qg3 Re5 25. c4 bxc4 26. Ne3 Nf4 27. Nxc4 Qxd4+ 28. Bxd4 Ne2+ 29. Kh1 Nxg3+ 30. hxg3 Rd5 31. Bc5 Re8 32. Kg1 {Nepomniachtchi,I (2793)-Tabatabaei,M (2660) Almaty KAZ 2022 1-0 (45)}) ({RR} 17... h6 18. Bb2 Qe8 19. a4 Rd8 20. axb5 axb5 21. Qe2 e4 22. Nd4 Nxd4 23. cxd4 c6 24. Bc3 Ra8 25. Rc1 Ra2 26. h3 Qg6 27. Kh2 Qg5 28. Qe1 Bxh3 29. gxh3 Rf3 30. Bd2 Qf4+ 31. Kg2 Ra3 32. Nf1 {Vokhidov,S (2681)-Peng,L (2516) chess.com INT 2024 0-1 (39)}) 18. bxa5 Rxa5 19. Bb3 e4 20. Nd4 Nxd4 21. cxd4 c6 22. Bd2 Ra8 23. Bb4 Rf7 24. Rc1 Rc8 25. Qe1 Qf6 26. Bc5 h6 27. Qg3 Kh7 28. h3 Qf4 29. Kh2 Qf6 30. Rf1 Qg6 31. Qxg6+ Kxg6 32. Rc1 h5 33. Kg3 Kg5 34. h4+ Kg6 35. Bd6 Kh7 36. Bf4 g6 37. Rc5 Kg8 38. Nc2 Kh7 39. Nb4 Bd7 40. Rc3 Rcf8 41. Bg5 Rc8 42. Rc1 Kg7 43. Na6 Kh7 44. Nc5 Bf5 45. a4 bxa4 46. Bxa4 Bg4 47. Rc3 Ra7 48. Bf4 Rf7 49. Rb3 Bd1 50. Rb4 Bxa4 51. Rxa4 Rcf8 52. Ne6 Rxf4 53. Nxf4 Rb8 54. Ra7+ Kh6 55. Rc7 Rb4 56. Ne6 g5 57. hxg5+ Kg6 58. Kf4 1-0

[Event "GCT Superbet Blitz Poland 2025"]
[Site "Warsaw"]
[Date "2025.04.30"]
[Round "15"]
[White "Topalov, Veselin"]
[Black "Aravindh, Chithambaram VR."]
[Result "0-1"]
[ECO "A50"]
[WhiteElo "2717"]
[BlackElo "2749"]
[Annotator "ChessBase"]
[PlyCount "101"]
[EventDate "2025.??.??"]
[EventType "blitz"]
[TimeControl "300+2"]

1. d4 Nf6 2. Nf3 b6 3. g3 Bb7 4. c4 g6 5. Bg2 Bg7 6. O-O O-O 7. d5 Na6 8. Nc3 Nc5 9. Nd4 e5 10. Nc2 d6 ({RR} 10... a5 11. b3 d6 12. e4 Bc8 13. Na3 Ne8 14. Nab5 Bd7 15. Rb1 f5 16. f3 f4 17. a3 g5 18. b4 Nb7 19. g4 h5 20. h3 Rf7 21. Kf2 Bf8 22. Rg1 Rh7 23. Bf1 Nf6 24. Ke1 Qc8 25. Rb2 {Erigaisi,A (2722)-Carlsen,M (2859) Wijk aan Zee NED 2023 0-1 (56)}) ({RR} 10... a5 11. e4 d6 12. Bg5 h6 13. Be3 Bc8 14. h3 Nh7 15. Qd2 h5 16. f4 h4 17. fxe5 Bxe5 18. g4 Bd7 19. Nd4 Bg7 20. Rae1 Kh8 21. Kh1 Bf6 22. Nf3 Re8 23. g5 Bxc3 24. Qxc3+ Kg8 25. Bxc5 {Pagan,J (2092)-Chirilov,J (2245) New York USA 2025 0-1 (51)}) 11. b4 $146 ({RR} 11. e4 a5 12. Be3 Bc8 13. f3 Ne8 14. Qd2 f5 15. exf5 Bxf5 16. b3 Nf6 17. Rae1 Nd3 18. Re2 Nc5 19. Ref2 Bd3 20. Re1 Bf5 21. g4 Bd7 22. h3 h5 23. g5 Ne8 24. f4 Bf5 25. fxe5 Bxe5 {Kurajica,B (2418)-Fiorito,F (2281) San Cristobal de La Laguna ESP 2024 ½-½ (45)}) ({RR} 11. e4 a5 12. Bg5 Qd7 13. Qd2 Rae8 14. Rab1 Nh5 15. Bf3 f5 16. exf5 Qxf5 17. Bxh5 gxh5 18. f3 Qg6 19. Be3 Bc8 20. Bxc5 bxc5 21. Ne4 Rf7 22. Qe2 Bh3 23. Rf2 Ref8 24. Ne3 Bg4 25. Nxg4 hxg4 {Turov,M (2586)-Svane,R (2506) Oslo 2014 ½-½ (51)}) ({RR} 11. e4 a5 12. b3 h6 13. Be3 Bc8 14. h3 Nh7 15. Qd2 f5 16. Bxh6 f4 17. Bxg7 Kxg7 18. Ne1 g5 19. Nf3 g4 20. hxg4 Bxg4 21. Nh2 Bd7 22. gxf4 Rxf4 23. Ne2 Rh4 24. f4 Qe7 25. fxe5 dxe5 {Ahmad,K (2388)-Oparin,G (2662) chess.com INT 2024 ½-½ (73)}) 11... Ncd7 12. e4 Ne8 13. a3 f5 14. exf5 gxf5 15. Rb1 Nef6 16. Ne3 f4 17. Nf5 Rf7 18. gxf4 Bc8 19. Kh1 Bf8 20. Ng3 Kh8 21. f5 Bg7 22. Bg5 Qf8 23. Nb5 Nb8 24. Rb3 a6 25. Nc3 Nbd7 26. Qd2 Ng8 27. Nce4 Ndf6 28. f3 Bb7 29. Be3 b5 30. cxb5 axb5 31. Ng5 Bxd5 32. Nxf7+ Qxf7 33. Rc3 Bc4 34. f4 Re8 35. fxe5 Bxf1 36. Bxf1 Rxe5 37. Bg2 Nd5 38. Bxd5 Rxd5 39. Rxc7 Qxc7 40. Qxd5 Be5 41. Qxb5 Qc3 42. Qe2 Qxa3 43. b5 Nf6 44. b6 Qb3 45. Bf2 Nd5 46. Qh5 Nf6 47. Qe2 Nd5 48. Qe4 Kg7 49. Bg1 Nf6 50. Qc6 d5 51. Kg2 0-1